 Dungeon Crawl Stone Soup version 0.31-a0-819-gf6de2f5ab6 (webtiles) character file.

Game seed: 8087552756838045046

89 Leeroy the Slasher (level 4, -3/33 HPs)
             Began as a Merfolk Gladiator on Sept 23, 2023.
             Killed by divine providence
             ... invoked by an orc priest
              (13 damage)
             ... on level 3 of the Dungeon.
             The game lasted 00:01:45 (1772 turns).

Leeroy the Slasher (Merfolk Gladiator)              Turns: 1772, Time: 00:01:45

Health: -3/33      AC:  4    Str: 14    XL:     4   Next: 55%
Magic:  4/4        EV: 13    Int:  7    God:
Gold:   75         SH:  0    Dex: 17    Spells: 3/3 levels left

rFire   . . .        a - +0 long sword
rCold   . . .        (no shield)
rNeg    . . .        b - +0 leather armour
rPois   .            c - +0 helmet
rElec   .            (no cloak)
rCorr   .            (no gloves)
SInv    .            (no boots)
Will    .....        (no amulet)
Stlth   +            (no ring)
HPRegen 0.25/turn    (no ring)
MPRegen 0.09/turn

%: no passive effects
@: brilliant
A: (nimble swimmer 2), mertail
a: no special abilities


You were on level 3 of the Dungeon.
You visited 1 branch of the dungeon, and saw 3 of its levels.

You collected 75 gold pieces.

Inventory:

Hand Weapons
 a - a +0 long sword (weapon)
Missiles
 d - 3 throwing nets (quivered)
 e - a javelin
Armour
 b - a +0 leather armour (worn)
 c - a +0 helmet (worn)
Scrolls
 g - 4 scrolls of identify {unknown}
 h - a scroll of fear {unknown}
 i - a scroll of poison {unknown}
 l - a scroll of fog {unknown}
Potions
 j - a potion of curing {unknown}
 k - a potion of resistance {unknown}
 m - a potion of might {unknown}


   Skills:
 - Level 2.1 Fighting
 + Level 6.2 Long Blades
 - Level 2.0 Throwing
 - Level 4.0 Dodging
 + Level 0.4 Stealth


You had 3 spell levels left.
You didn't know any spells.
Your spell library contained the following spells:

 Spells                   Type           Power      Damage    Failure   Level
 Lesser Beckoning         Tloc           0%         N/A       65%         2
 Gell's Gravitas          Tloc           0%         N/A       87%         3
 Teleport Other           Tloc           0%         N/A       87%         3


Dungeon Overview and Level Annotations

Branches:
Dungeon (3/15)

Altars:


Innate Abilities, Weirdness & Mutations

((You are very nimble when in or above water. (Stealth+, EV+, Speed+++)))
Your lower body shifts to a powerful aquatic tail in water.


Message History

The adder barely misses you.
An orc priest comes into view. It is wielding a +0 flail.
You hit the adder but do no damage. The adder bites you. The quokka misses you.
The adder bites you.
You are poisoned.
The adder poisons you! The adder bites you but does no damage.
The quokka misses you.
Found a whip.
You feel sick. The adder bites you but does no damage.
The adder closely misses you.
You feel sick. The adder attacks as it pursues you!
The adder closely misses you.
You miss the adder.
You feel sick. The adder bites you but does no damage.
You feel sick. The adder barely misses you.
The quokka bites you but does no damage.
The adder completely misses you. The adder closely misses you.
You feel sick.
You are no longer poisoned.
The adder bites you. The quokka closely misses you.
The adder bites you but does no damage.
You barely miss the adder.
The orc priest calls down the wrath of Beogh upon you.
Beogh smites you!
* * * LOW HITPOINT WARNING * * *
The adder barely misses you.
You slash the adder!
You kill the adder!
A jackal comes into view.
The quokka closely misses you.
It was a potion of brilliance.
You feel clever all of a sudden.
The quokka bites you but does no damage.
The jackal barks!
You hit the quokka but do no damage.
The quokka bites you but does no damage.
You hit the quokka.
You kill the quokka!
The orc priest miscasts a cantrip.
The orc priest invokes the aid of Beogh against you.
Beogh smites you!
You die...

........#.####
........†># .#.
......##..# ...
......##.o## ....
##.##....oo######h....
#.........h.h...#.....
#..#########S##.......
#go.)...# ###@##....
#.......# ........##
#....##...... #....
..###. #.... #.# #....
.. #.... .##


You could see an orc priest, an orc wizard, an adder, 2 orcs, 3 jackals and a
hobgoblin.

Vanquished Creatures
  2 adders
  A dart slug (D:1)
  4 ball pythons (D:1)
  4 endoplasms (D:2)
  3 giant cockroaches
  9 goblins
  7 hobgoblins
  5 jackals
  9 kobolds
  4 quokkas
  4 bats
  3 frilled lizards
  6 rats
61 creatures vanquished.

Notes
Turn   | Place    | Note
-------+----------+-------------------------------------------
     0 | D:1      | Leeroy the Merfolk Gladiator began the quest for the Orb.
     0 | D:1      | Reached XP level 1. HP: 16/16 MP: 1/1
    22 | D:1      | Reached skill level 4 in Long Blades
    40 | D:1      | Reached XP level 2. HP: 6/22 MP: 2/2
   449 | D:1      | Reached skill level 5 in Long Blades
   449 | D:1      | Reached XP level 3. HP: 22/27 MP: 3/3
  1226 | D:2      | Reached XP level 4. HP: 33/33 MP: 4/4
  1445 | D:2      | Reached skill level 6 in Long Blades
  1772 | D:3      | Killed from afar by an orc priest

Illustrated notes

Levels and vault maps discovered:
D:1:      amcnicky_arrival_feature_with_door, layout_loops_ring
D:2:      minmay_razor_zed, layout_loops_ring, minmay_misc_feat_iff
D:3:      layout_rooms, ebering_ghost_sewer_f, lightli_sewer_entry_pipes,
          minmay_misc_feat_room

Skill      XL: |  1  2  3  4 |
---------------+-------------+-----
Long Blades    | 4 5 6 |  6.2
Fighting       | |  2.1
Throwing       | |  2.0
Dodging        | |  4.0
Stealth        | |  0.4

Action                     |  1- 3 |  4- 6 || total
---------------------------+-------+-------++-------
  Melee: Long sword        |   109 |    60 ||   169
         Punch             |     1 |       ||     1
    Use: Potion            |       |     1 ||     1
   Stab: Sleeping          |       |     1 ||     1
 Armour: Leather armour    |    70 |    38 ||   108
  Dodge: Dodged            |    69 |    54 ||   123

Table legend: (Time is in decaauts)
 A = Elapsed time spent in this place.
 B = Non-inter-level travel time spent in this place.
 C = Inter-level travel time spent in this place.
 D = Time resting spent in this place.
 E = Time spent auto-exploring this place.
 F = Levels seen in this place.
 G = Mean time per level.
                   A        B        C        D        E       F      G
               +--------+--------+--------+--------+--------+-----+--------+
         Total |   1794 |   1709 |     85 |      0 |   1334 |   3 |  598.0 |
       Dungeon |   1794 |   1709 |     85 |      0 |   1334 |   3 |  598.0 |
               +--------+--------+--------+--------+--------+-----+--------+

Top non-repeatable levels by time:
     D:2: 928 daAuts
     D:1: 838 daAuts
     D:3: 28 daAuts
